AoeStats
← abbnn

Arena

510948534Analyzed
4v4 RM · 11h ago on Oct 3, 2026· 48m 8s· 8 players
Game mode
Random Map
Map size
Large (8 player)
Population
200
Speed
Normal
Resources
Standard
Victory
Conquest
Starting age
Dark Age
Ending age
Imperial Age
RankedLock teamsTeams togetherTeam positionsShared explorationLock speedFull tech treeHidden civsTurbo modeCheats
Victory
Defeat
🇹🇷 Huns · Türkiye
1112
+15
🇳🇮 Britons · Nicaragua
1109
+15
🇨🇴 Varangians · Colombia
1097
+16
🇲🇽 Bengalis · Mexico
1046
+18
🇰🇬 Hindustanis · Kyrgyzstan
1153
-19
🇭🇰 Franks · Hong Kong SAR China
1087
-16
🇹🇼 Varangians · Taiwan
1057
-15
🇹🇼 Saxons · Taiwan
1052
-14
Hank饅頭
12:02 Feudal Age
13:15 Horse Collar
13:21 Double-Bit Axe
13:40 Gold Mining
13:44 Loom
16:09 Castle Age
16:21 Loom
17:32 Bow Saw
17:24 Heavy Plow
24:58 Wheelbarrow
26:23 Gold Shaft Mining
27:42 Stone Mining
31:09 Imperial Age
29:09 Squires
28:54 Gambesons
28:55 Arson
29:21 Scale Mail Armor
29:32 Forging
34:04 Chain Mail Armor
34:25 Iron Casting
34:03 Elite Varangian Guard
35:30 Plate Mail Armor
36:08 Conscription
35:09 Shield Wall
35:15 Elite Varangian Guard
37:30 Shield Wall
救不了你
10:41 Feudal Age
14:42 Castle Age
12:57 Double-Bit Axe
13:10 Horse Collar
15:53 Bow Saw
15:56 Heavy Plow
15:52 Loom
24:10 Wheelbarrow
25:25 Hand Cart
29:39 Imperial Age
27:18 Scale Barding Armor
27:13 Scale Mail Armor
27:23 Forging
27:36 Scale Mail Armor
27:46 Forging
28:48 Forging
28:54 Chain Mail Armor
29:00 Chain Barding Armor
30:08 Iron Casting
29:32 Gold Mining
29:40 Arson
29:55 Squires
31:06 Plate Mail Armor
30:46 Pikeman
32:39 Two-Man Saw
34:11 Plate Barding Armor
34:36 Blast Furnace
34:05 Fletching
34:40 Vendel Legacy
35:04 Gothikon
36:05 Conscription
36:09 Elite Jarl
38:00 Elite Varangian Guard
39:55 Bodkin Arrow
40:01 Padded Archer Armor
40:09 Elite Skirmisher
43:33 Leather Archer Armor
43:41 Bracer
45:35 Chemistry
44:56 Ballistics
44:49 Fortified Wall
44:45 Siege Engineers
48:01 Heated Shot
French Connection
10:26 Feudal Age
14:27 Castle Age
12:41 Double-Bit Axe
13:21 Gold Mining
15:42 Wheelbarrow
18:36 Loom
18:57 Horse Collar
20:28 Fervor
24:07 Stone Mining
28:59 Imperial Age
30:04 Scale Barding Armor
30:12 Heavy Camel Rider
abbnn
0:29 Loom
11:38 Feudal Age
12:58 Wheelbarrow
12:10 Double-Bit Axe
17:42 Castle Age
16:08 Stone Mining
16:20 Gold Mining
18:38 Hand Cart
18:35 Bow Saw
31:03 Imperial Age
30:05 Gold Shaft Mining
29:32 Scale Mail Armor
29:42 Forging
29:11 Ordonnance Companies
30:38 Ballistics
31:02 Chain Mail Armor
32:03 Iron Casting
32:48 Chemistry
32:11 Conscription
31:30 Elite Throwing Axeman
33:25 Plate Mail Armor
38:29 Murder Holes
mauro15986208
7:59 Loom
9:54 Feudal Age
11:07 Loom
13:50 Castle Age
11:59 Double-Bit Axe
21:48 Horse Collar
22:54 Bow Saw
24:27 Wheelbarrow
28:43 Imperial Age
27:01 Town Watch
27:32 Hand Cart
27:28 Scale Mail Armor
27:38 Forging
28:37 Squires
29:11 Chain Mail Armor
29:36 Capped Ram
31:53 Plate Mail Armor
32:14 Iron Casting
31:49 Elite Varangian Guard
34:11 Blast Furnace
34:03 Arson
35:04 Conscription
39:39 Gothikon
41:21 Scale Barding Armor
43:37 Bloodlines
43:28 Husbandry
43:50 Chain Barding Armor
45:29 Elite Jarl
47:50 Two-Man Saw
46:54 Town Patrol
48:09 Plate Barding Armor
48:03 Spies/Treason
Josua_Deere
10:08 Feudal Age
14:01 Castle Age
12:59 Loom
13:03 Double-Bit Axe
21:02 Bloodlines
20:53 Husbandry
33:20 Fletching
33:31 Padded Archer Armor
33:38 Scale Barding Armor
34:50 Bodkin Arrow
35:11 Leather Archer Armor
36:37 Chain Barding Armor
38:00 Ballistics
38:58 Paiks
39:25 Bow Saw
38:58 Horse Collar
39:10 Gold Mining
39:11 Stone Mining
43:43 Imperial Age
42:43 Gold Shaft Mining
42:14 Heavy Plow
42:52 Wheelbarrow
42:02 Town Watch
45:45 Chemistry
44:48 Bracer
45:19 Ring Archer Armor
45:07 Elite Elephant Archer
47:42 Plate Barding Armor
msandoval
10:29 Feudal Age
11:39 Feudal Age
12:56 Double-Bit Axe
12:55 Horse Collar
15:37 Castle Age
16:38 Bow Saw
16:30 Heavy Plow
17:52 Fletching
18:06 Padded Archer Armor
22:04 Wheelbarrow
23:56 Hand Cart
24:25 Gold Mining
24:25 Stone Mining
24:25 Loom
24:26 Town Watch
28:08 Imperial Age
25:28 Crossbowman
26:46 Fortified Wall
27:20 Bodkin Arrow
27:19 Treadmill Crane
28:01 Ballistics
28:56 Leather Archer Armor
28:54 Masonry
28:27 Arbalester
29:09 Bracer
30:54 Chemistry
31:12 Ring Archer Armor
32:28 Siege Engineers
32:53 Architecture
32:48 Conscription
32:58 Scale Mail Armor
33:09 Forging
36:13 Yeomen
44:26 Two-Man Saw
44:03 Gold Shaft Mining
44:08 Warwolf
48:14 Guilds
48:35 Coinage
48:06 Caravan
48:24 Chain Mail Armor
48:45 Iron Casting
48:16 Scale Barding Armor
47:33 Pikeman
48:14 Squires
48:00 Arson
48:01 Gambesons
47:38 Man-at-Arms
Prof. Dr. Abuzer KÖMÜRCÜ
0:38 Loom
12:11 Feudal Age
16:24 Castle Age
14:10 Horse Collar
14:46 Double-Bit Axe
23:04 Wheelbarrow
23:57 Heavy Plow
28:40 Forging
28:36 Scale Barding Armor
31:19 Imperial Age
28:57 Marauders
29:57 Bloodlines
30:35 Iron Casting
31:37 Chain Barding Armor
32:07 Gold Mining
32:05 Elite Tarkan
33:14 Fletching
33:28 Padded Archer Armor
34:29 Parthian Tactics
35:11 Bodkin Arrow
36:20 Chemistry
36:22 Gold Shaft Mining
35:12 Heavy Cavalry Archer
36:06 Bow Saw
36:53 Bracer
37:32 Plate Barding Armor
40:10 Thumb Ring
41:22 Blast Furnace
41:28 Husbandry
41:11 Light Cavalry
41:55 Hussar
Connection lost

Rejoining the realm…

Still unreachable

The connection could not be restored.

Session expired

The server has moved on; the page needs a fresh start.